Map: Catalyst LE

Players

DnS

  • Race: Protoss Protoss
  • League: Grandmaster
  • Spawn Location: 11:00

FeaR - Winner!

  • Race: Protoss Protoss
  • League: Master
  • Spawn Location: 5:00

Event: HomeStory Cup XVI

VOD

Have the link to the VOD?

Description

Time

  • Played on: Nov. 10, 2017, 3:56 p.m.
  • Length: 5:07

All games in this series

Show
View Real Time Build Order
Export as new Build Order

DnS Protoss 

Build Orders:  

Get SALT Encoding   

  12  0:02  Probe (Chrono Boost)  
  14  0:14  Probe (Chrono Boost)  
  14  0:20  Pylon  
  14  0:26  Probe (Chrono Boost)  
  15  0:34  Probe (Chrono Boost)  
  15  0:41  Gateway  
  15  0:42  Probe (Chrono Boost)  
  16  0:47  Assimilator  
  17  0:54  Probe (Chrono Boost)  
  17  0:55  Assimilator  
  18  1:03  Probe (Chrono Boost)  
  18  1:08  Gateway  
  18  1:09  Probe (Chrono Boost)  
  20  1:20  Probe (Chrono Boost)  
  21  1:28  Cybernetics Core  
  21  1:32  Probe (Chrono Boost)  
  22  1:35  Pylon  
  22  1:44  Probe (Chrono Boost)  
  23  1:54  Warp Gate  
  23  1:56  Probe (Chrono Boost)  
  24  2:04  Stalker  
  24  2:05  Stalker  
  28  2:08  Pylon  
  28  2:34  Stalker  
  28  2:35  Stalker  
  32  2:54  Nexus  
  32  2:57  Shield Battery  
  32  3:05  Sentry x2  
  36  3:13  Robotics Facility  
  36  3:19  Shield Battery  
  36  3:23  Probe (Chrono Boost)  
  37  3:35  Probe (Chrono Boost)  
  37  3:43  Pylon  
  37  3:48  Probe (Chrono Boost)  
  38  3:57  Probe (Chrono Boost)  
  38  4:01  Probe (Chrono Boost)  
  38  4:02  Observer  
  40  4:03  Stalker x2, Probe (Chrono Boost)  
  40  4:08  Probe (Chrono Boost)  
  46  4:14  Probe x2 (Chrono Boost)  
  48  4:23  Probe (Chrono Boost)  
  49  4:26  Probe (Chrono Boost)  
  51  4:31  Twilight Council  
  51  4:36  Probe (Chrono Boost)  
  57  4:49  Shield Battery  
  57  4:50  Shield Battery  
  57  4:51  Adept x2  
Show
View Real Time Build Order
Export as new Build Order

FeaR Protoss - Winner!

Build Orders:  

Get SALT Encoding   

  12  0:02  Probe (Chrono Boost)  
  14  0:14  Probe (Chrono Boost)  
  14  0:18  Pylon  
  14  0:26  Probe (Chrono Boost)  
  15  0:32  Probe (Chrono Boost)  
  15  0:37  Gateway  
  15  0:41  Probe (Chrono Boost)  
  17  0:52  Assimilator  
  17  0:53  Probe (Chrono Boost)  
  17  0:56  Assimilator  
  19  1:05  Probe (Chrono Boost)  
  19  1:07  Gateway  
  19  1:11  Probe (Chrono Boost)  
  20  1:19  Probe (Chrono Boost)  
  20  1:25  Cybernetics Core  
  21  1:31  Probe (Chrono Boost)  
  22  1:43  Probe (Chrono Boost)  
  23  1:52  Warp Gate, Pylon  
  23  1:56  Pylon  
  23  2:10  Adept x2  
  27  2:15  Robotics Facility  
  27  2:37  Stalker x2  
  31  2:57  Immortal  
  31  3:00  Pylon  
  35  3:07  Sentry  
  37  3:19  Sentry  
  39  3:28  Pylon  
  39  3:29  Gateway  
  39  3:31  Immortal  
  39  3:40  Shield Battery  
  43  3:49  Gateway  
  43  3:59  Adept, Sentry  
  43  4:02  Warp Prism  
  49  4:19  Pylon  
  49  4:27  Sentry  
  49  4:29  Adept  
  53  4:38  Stalker  
  55  4:45  Observer  
  56  5:03  Stalker x2  
  56  5:05  Zealot  
Tags
 
Add a new tag
Caveats
  • Supply blocks, unpowered buildings, or Contaminate may cause inaccurate times.
  • Supply counts are checked every 10 seconds.